 Dungeon Crawl Stone Soup version 0.31.0-32-g396128a36d (webtiles) character file.

Game seed: 6424191745363253622

235 PaiMei the Gusty (level 6, -3/35 HPs)
             Began as a Tengu Air Elementalist on Mar 18, 2024.
             Slain by a kobold brigand
             ... wielding a +0 short sword
              (7 damage)
             ... on level 7 of the Dungeon.
             The game lasted 00:03:39 (3646 turns).

PaiMei the Gusty (Tengu Air Elementalist)           Turns: 3646, Time: 00:03:40

Health: -3/35      AC:  3    Str:  8    XL:     6   Next: 5%
Magic:  0/11       EV: 13    Int: 17    God:
Gold:   166        SH:  0    Dex: 15    Spells: 10/11 levels left

rFire   . . .        f - +0 short sword
rCold   . . .        (no shield)
rNeg    . . .        a - +0 robe
rPois   .            (helmet restricted)
rElec   .            (no cloak)
rCorr   .            g - +0 pair of gloves
SInv    .            (boots unavailable)
Will    .....        (no amulet)
Stlth   ++           (no ring)
HPRegen 0.25/turn    (no ring)
MPRegen 0.12/turn

%: acrobat
@: lethally poisoned (-3 -> -4)
A: beak, talons 3, acrobatic
a: no special abilities


You were on level 7 of the Dungeon.
You visited 1 branch of the dungeon, and saw 5 of its levels.

You collected 166 gold pieces.

Inventory:

Hand Weapons
 f - a +0 short sword (weapon)
Armour
 a - a +0 robe (worn)
 g - a +0 pair of gloves (worn)
Scrolls
 c - a scroll of poison {unknown}
 d - 6 scrolls of identify {unknown}
 e - a scroll of amnesia {unknown}
 h - 2 scrolls of fog {unknown}
 i - 3 scrolls of teleportation {unknown}
Potions
 b - a potion of magic
 j - a potion of cancellation {unknown}
 k - a potion of berserk rage {unknown}
 l - 2 potions of ambrosia {unknown}
 m - a potion of degeneration {unknown}
 n - a potion of curing {unknown}


   Skills:
 + Level 2.1 Fighting
 + Level 3.5 Dodging
 - Level 2.1 Stealth
 + Level 3.0 Spellcasting
 + Level 3.5 Conjurations
 + Level 5.2 Air Magic


You had 10 spell levels left.
You knew the following spells:

 Your Spells              Type           Power      Damage    Failure   Level
a - Shock                 Conj/Air       68%        1d7       3%          1

Your spell library contained the following spells:

 Spells                   Type           Power      Damage    Failure   Level
 Static Discharge         Conj/Air       34%        3-5/arc   4%          2
 Swiftness                Air            20%        N/A       6%          3
 Sting                    Conj/Alch      32%        1d5       9%          1
 Airstrike                Air            10%        2d(2-18)  21%         4
 Ensorcelled Hibernation  Hex/Ice        4%         N/A       26%         2
 Stone Arrow              Conj/Erth      16%        3d8       26%         3
 Call Canine Familiar     Summ           2%         N/A       45%         3
 Sigil of Binding         Hex            2%         N/A       45%         3
 Summon Ice Beast         Ice/Summ       2%         N/A       45%         3
 Animate Armour           Summ/Erth      4%         N/A       86%         4
 Dimensional Bullseye     Hex/Tloc       1%         N/A       86%         4
 Petrify                  Alch/Erth      2%         N/A       86%         4
 Yara's Violent Unravell  Hex/Alch       1%         3d3       99%         5
 Lehudib's Crystal Spear  Conj/Erth      4%         10d3      100%        8


Dungeon Overview and Level Annotations

Branches:
Dungeon (7/15)
 Temple: D:4-7

Altars:

Annotations:
D:6 Sigmund


Innate Abilities, Weirdness & Mutations

You have a beak for a mouth.
You have claws for feet.
You can magically evade attacks while moving or waiting.


Message History

You kill the orc!
You feel sick.
The kobold brigand hits you with a +0 short sword!
You miss the kobold brigand. Your kick misses the kobold brigand.
The kobold brigand is severely wounded.
You feel sick.
The kobold brigand hits you with a +0 short sword.
An orc wizard comes into view. It is wielding a +0 dagger.
You hit the kobold brigand. Your kick misses the kobold brigand.
You peck the kobold brigand, but do no damage.
The kobold brigand is severely wounded.
You feel sick. The kobold brigand barely misses you.
Casting: Shock (safe; 3% risk of failure)
Confirm with . or Enter, or press ? or * to list all spells.
Aiming: Shock (safe; 3% risk of failure)
Press: ? - help, Shift-Dir - straight line, f/p - kobold brigand
Aim: a kobold brigand, wielding a +0 short sword and quivering poisoned darts (severely wounded, 64% to hit)
The zap hits the kobold brigand.
The kobold brigand is almost dead.
The zap hits the orc wizard.
The orc wizard is heavily wounded.
You feel sick.
The kobold brigand hits you with a +0 short sword.
* * * LOW HITPOINT WARNING * * *
The orc wizard gestures wildly while chanting.
The orc wizard flickers and vanishes!
Deactivating autopickup; reactivate with Ctrl-A.
You barely miss the kobold brigand.
The kobold brigand is almost dead.
You feel sick.
The kobold brigand hits you with a +0 short sword.
* * * LOW HITPOINT WARNING * * *
Casting: Shock (safe; 3% risk of failure)
Confirm with . or Enter, or press ? or * to list all spells.
You don't have enough magic to cast this spell.
You closely miss the kobold brigand. Your kick misses the kobold brigand.
The kobold brigand is severely wounded.
You feel sick.
The kobold brigand hits you with a +0 short sword!
You die...

...............###
#...................
#...................
#.................##
#.................<.
#.........###......#
#....#..............
####+...................
..{.).K@.#..............
.##...##.#..............
### #........####....
#........# #....
#........# #.....(..# .
#.#..#...# ....#..#####
.........#


You could see a kobold brigand.

Vanquished Creatures
  A jelly (D:7)
  2 iguanas
  4 gnolls (D:2)
  6 adders (D:2)
  A dart slug (D:2)
  An orc (D:7)
  10 endoplasms
  2 giant cockroaches
  9 goblins
  2 hobgoblins
  3 jackals (D:2)
  6 kobolds
  2 quokkas
  2 ball pythons
  4 bats
  3 frilled lizards
  2 rats
60 creatures vanquished.

Notes
Turn   | Place    | Note
-------+----------+-------------------------------------------
     0 | D:1      | PaiMei the Tengu Air Elementalist began the quest for the
                  | Orb.
     0 | D:1      | Reached XP level 1. HP: 10/10 MP: 4/4
   210 | D:1      | Reached XP level 2. HP: 15/15 MP: 0/6
   965 | D:1      | Found a faded altar of an unknown god.
  1187 | D:1      | Reached XP level 3. HP: 20/20 MP: 3/7
  1734 | D:2      | Reached skill level 1 in Fighting
  1866 | D:2      | Reached XP level 4. HP: 20/25 MP: 0/8
  2362 | D:2      | Got Kayxkeme's Grimoire of Toxic Frost
  2563 | D:2      | Reached XP level 5. HP: 29/29 MP: 1/10
  3061 | D:3      | Reached skill level 5 in Air Magic
  3178 | D:3      | You fall into a shaft and drop 3 floors!
  3259 | D:6      | Noticed Sigmund
  3321 | D:6      | Noticed a black bear
  3528 | D:7      | Reached XP level 6. HP: 35/35 MP: 3/11
  3622 | D:7      | Noticed a water moccasin
  3646 | D:7      | Slain by a kobold brigand

Illustrated notes

Levels and vault maps discovered:
D:1:      erik_arrival_blinker_ship, layout_basic,
          shapermc_ecumenical_altar_ellora
D:2:      kennysheep_six_static_rooms, layout_rooms
D:3:      layout_basic, serial_shops, nicolae_shop_advertising_works
          [nicolae_subvault_shop_adworks]
D:6:      layout_rooms, lemuel_coloured_pillars_altar,
          biasface_ghost_orc_armoury, uniq_maggie, uniq_sigmund
D:7:      layout_basic, vehumet_crystals, mainiacjoe_overflow_divided_tiny,
          gammafunk_temple_overflow_statue, minmay_temple_entry_statues_pillars,
          nicolae_shop_firing_range

Skill      XL: |  1  2  3  4  5 |
---------------+----------------+-----
Conjurations   | 2 3 |  3.5
Fighting       | 1 2 |  2.1
Dodging        | 3 |  3.5
Air Magic      | 5 |  5.2
Spellcasting   | 3 |  3.0
Stealth        | |  2.1

Action                     |  1- 3 |  4- 6 || total
---------------------------+-------+-------++-------
  Melee: Unarmed           |     2 |       ||     2
         Short sword       |    12 |     8 ||    20
         Kick              |     4 |       ||     4
         Peck              |     2 |     1 ||     3
   Cast: Shock             |    79 |    91 ||   170
 Armour: Robe              |    17 |    13 ||    30
  Dodge: Dodged            |    40 |    32 ||    72
